 Dungeon Crawl Stone Soup version 0.29-a0-459-g97dee8cd24 (webtiles) character file.

Game seed: 3418364896721581715

411 AlexG the Covered (level 7, -8/52 HPs)
             Began as a Djinni Fighter on May 20, 2022.
             Killed by nerve-wracking pain
             ... invoked by an orc priest
              (12 damage)
             ... on level 5 of the Dungeon.
             The game lasted 00:15:43 (3221 turns).

AlexG the Covered (Djinni Fighter)                  Turns: 3221, Time: 00:15:43

Health: -8/52      AC:  8    Str: 15    XL:     7   Next: 14%
Gold:   289        EV:  9    Int: 12    God:
                   SH:  4    Dex: 12

rFire   + + +      SeeInvis .   a - +0 war axe
rCold   x . .      Faith    .   c - +0 buckler
rNeg    . . .      Spirit   .   b - +0 scale mail
rPois   ∞          Reflect  .   (no helmet)
rElec   .          Harm     .   (no cloak)
rCorr   .          Rampage  .   n - +0 pair of gloves
Will    .....                   (boots unavailable)
Stlth   ..........              (no amulet)
HPRegen 0.17/turn               f - ring of protection from fire
MPRegen 0.00/turn               (no ring)

@: flying
A: sickness immunity, fire resistance 2, cold vulnerability 1, float, innate
caster, HP casting, extra vitality 1
a: no special abilities


You were on level 5 of the Dungeon.
You visited 1 branch of the dungeon, and saw 5 of its levels.

You collected 289 gold pieces.

Inventory:

Hand Weapons
 a - a +0 war axe (weapon)
Armour
 b - a +0 scale mail (worn)
 c - a +0 buckler (worn)
 n - a +0 pair of gloves (worn)
Jewellery
 f - a ring of protection from fire (left hand)
Scrolls
 g - 2 scrolls of identify {unknown}
 h - a scroll of poison {unknown}
 i - a scroll of noise {unknown}
 k - 4 scrolls of teleportation {unknown}
 m - a scroll of magic mapping {unknown}
 p - a scroll of enchant weapon {unknown}
 q - a scroll of blinking {unknown}
 s - a scroll of torment {unknown}
 t - 5 scrolls of enchant armour {unknown}
 u - a scroll of brand weapon {unknown}
 w - a scroll of silence {unknown}
Potions
 d - 2 potions of might
 e - 3 potions of attraction {unknown}
 j - a potion of heal wounds {unknown}
 l - a potion of curing {unknown}
 o - 2 potions of flight {unknown}
 r - a potion of brilliance {unknown}
 v - a potion of lignification {unknown}


   Skills:
 + Level 4.1 Fighting
 + Level 3.9 Axes
 + Level 4.2 Armour
 + Level 1.7 Dodging
 + Level 0.3 Stealth
 + Level 3.8 Shields
 + Level 0.1 Spellcasting


You couldn't memorise any spells.
You knew the following spells:

 Your Spells              Type           Power      Damage    Failure   Level
a - Summon Small Mammal   Summ           0%         N/A       83%         1
b - Blink                 Tloc           0%         N/A       92%         2
c - Call Canine Familiar  Summ           0%         N/A       99%         3
Your spell library was empty.

Dungeon Overview and Level Annotations

Branches:
Dungeon (5/15)             Temple (0/1) D:5

Altars:
Hepliaklqana


Innate Abilities, Weirdness & Mutations

You are immune to sickness and miasma.
You are immune to poison.
Your flesh is very heat resistant. (rF++)
You are vulnerable to cold. (rC-)
You float through the air rather than walking.
You learn spells naturally, not from books.
Your magical power is your life essence.
You have superior vitality. (+4 MHP)


Message History

You kill the orc!
You hear a splash.
You closely miss the orc. The orc hits you but does no damage.
The gnoll closely misses you. You block the gnoll's attack.
The orc hits you but does no damage. The gnoll closely misses you.
Your rat splashes around in the water.
The gnoll closely misses you. The orc hits you but does no damage.
The gnoll barely misses you.
Your rat barely misses the orc.
The gnoll hits you with a +2 spear of venom!
* * * LOW HITPOINT WARNING * * *
Items here: )) [ ††.
Unknown command.
You slash the gnoll!
The gnoll is severely wounded.
You slash the orc!
You kill the orc!
You hit the gnoll. The gnoll barely misses you.
The gnoll hits you but does no damage.
You barely miss the gnoll.
The gnoll is severely wounded.
You hit the gnoll but do no damage. You block the gnoll's attack.
The gnoll hits you with a +2 spear of venom.
* * * LOW HITPOINT WARNING * * *
Your rat completely misses the gnoll.
The orc priest barely misses you.
The orc priest hits your rat with a +0 hand axe.
Your rat dies!
Your rat's corpse disappears in a puff of smoke!
You hit the gnoll.
The gnoll is lightly wounded.
You barely miss the orc priest. You hit the gnoll.
The gnoll hits you but does no damage. The gnoll closely misses you.
An orc comes into view. It is wielding a +0 whip.
The orc priest hits you with a +0 hand axe.
* * * LOW HITPOINT WARNING * * *
You block the gnoll's attack.
The gnoll hits you with a +2 spear of venom.
* * * LOW HITPOINT WARNING * * *
The orc priest mumbles some strange prayers to Beogh against you.
Pain shoots through your body!
You die...

#.. ...≈. ##.#
..≈o.
###..##..≈.≈
#..........#
#..........# ##
#.≈......... #≈≈
##.§ogg..≈...
#≈##.≈?))).≈...≈
#≈≈≈≈≈§≈@≈≈≈.≈≈≈
##≈≈≈≈≈≈≈≈≈≈≈≈≈≈
###..≈≈≈.≈..≈..
#......≈...≈...
#..###.####.##$#
#............. .
#.......≈≈.≈≈.
#.....≈≈≈≈.≈≈≈≈
##..≈≈≈≈≈≈.≈≈≈


You could see an orc priest, 2 gnolls and an orc (wandering).

Vanquished Creatures
  Sigmund (D:2)
  A scorpion (D:5)
  An iguana (D:4)
  An orc wizard (D:4)
  4 adders
  A shadow imp (D:4)
  An ufetubus (D:2)
  4 worms
  9 orcs
  7 ball pythons
  3 endoplasms
  3 giant cockroaches (D:1)
  3 goblins (D:1)
  8 hobgoblins
  5 jackals
  5 quokkas
  4 bats
  2 frilled lizards
  7 kobolds
  7 rats
77 creatures vanquished.

Vanquished Creatures (others)
  A plant (D:1)
1 creature vanquished.

Grand Total: 78 creatures vanquished

Notes
Turn   | Place    | Note
-------+----------+-------------------------------------------
     0 | D:1      | AlexG the Djinni Fighter began the quest for the Orb.
     0 | D:1      | Reached XP level 1. HP: 20/20 MP: 0/0
    63 | D:1      | Reached XP level 2. HP: 25/25 MP: 0/0
   259 | D:1      | Found a faded altar of an unknown god.
   366 | D:1      | Reached XP level 3. HP: 23/30 MP: 0/0
   366 | D:1      | Learned a level 1 spell: Summon Small Mammal
  1077 | D:2      | Noticed Sigmund
  1083 | D:2      | Reached XP level 4. HP: 20/35 MP: 0/0
  1093 | D:2      | Killed Sigmund
  1094 | D:2      | Reached skill level 1 in Dodging
  1094 | D:2      | Reached XP level 5. HP: 13/41 MP: 0/0
  1094 | D:2      | Learned a level 2 spell: Blink
  1094 | D:2      | Reached XP level 6. HP: 15/47 MP: 0/0
  1441 | D:2      | Found a hazy altar of Hepliaklqana.
  3197 | D:5      | Entered Level 5 of the Dungeon
  3197 | D:5      | Found a staircase to the Ecumenical Temple.
  3211 | D:5      | Reached XP level 7. HP: 42/52 MP: 0/0
  3211 | D:5      | Learned a level 3 spell: Call Canine Familiar
  3221 | D:5      | Killed from afar by an orc priest

Illustrated notes

Levels and vault maps discovered:
D:1:      dpeg_arrival_rhombus, layout_rooms, shapermc_ecumenical_altar_ellora,
          minmay_split_cup_small
D:2:      layout_loops_ring, basic_altar, uniq_sigmund
D:3:      layout_rooms
D:4:      layout_gridville
D:5:      layout_rooms, temple_pool_b, serial_shops, shop, shop,
          nicolae_shop_competitors_out_of_business, serial_rivers,
          chequers_serial_rivers_small_3, chequers_serial_rivers_micro_a,
          chequers_serial_rivers_small_3, chequers_serial_rivers_small_3,
          chequers_serial_rivers_small_3, chequers_serial_rivers_marsh

Skill      XL: |  1  2  3  4  5  6 |
---------------+-------------------+-----
Axes           | 3 |  3.9
Dodging        | 1 |  1.7
Armour         | 4 |  4.2
Fighting       | 4 |  4.1
Stealth        | |  0.3
Shields        | |  3.8
Spellcasting   | |  0.1

Action                   |  1- 3 |  4- 6 |  7- 9 || total
-------------------------+-------+-------+-------++-------
Melee: War axe           |   106 |   117 |     7 ||   230
 Cast: Summon Small Mamm |       |     1 |     1 ||     2
Armor: Scale mail        |    56 |    55 |    12 ||   123
Dodge: Dodged            |    57 |    57 |    12 ||   126
Block: Buckler           |    37 |    31 |     5 ||    73

Table legend: (Time is in decaauts)
 A = Elapsed time spent in this place.
 B = Non-inter-level travel time spent in this place.
 C = Inter-level travel time spent in this place.
 D = Time resting spent in this place.
 E = Time spent auto-exploring this place.
 F = Levels seen in this place.
 G = Mean time per level.
                   A        B        C        D        E       F      G
               +--------+--------+--------+--------+--------+-----+--------+
         Total |   3313 |   3214 |     99 |    213 |   2151 |   5 |  662.6 |
       Dungeon |   3313 |   3214 |     99 |    213 |   2151 |   5 |  662.6 |
               +--------+--------+--------+--------+--------+-----+--------+

Top non-repeatable levels by time:
     D:4: 1131 daAuts
     D:2: 1089 daAuts
     D:1: 652 daAuts
     D:3: 412 daAuts
     D:5: 28 daAuts
